Map: Apotheosis LE

Players

Voodoochilli - Winner!

  • Race: Terran Terran
  • League: Platinum

Benschiss

  • Race: Protoss Protoss
  • League: Platinum

VOD

Have the link to the VOD?

Description

Time

  • Played on: July 30, 2016, 4:28 a.m.
  • Length: 13:53
Show
View Real Time Build Order
Export as new Build Order

Voodoochilli Terran - Winner!

Build Orders: MMM Bio 

Get SALT Encoding   

  12  0:01  SCV  
  13  0:14  SCV  
  14  0:18  Supply Depot  
  14  0:26  SCV  
  15  0:35  Refinery  
  15  0:41  Barracks  
  15  0:45  SCV  
  16  0:58  SCV  
  17  1:10  SCV  
  18  1:20  Barracks  
  18  1:22  Refinery  
  19  1:29  Orbital Command  
  18  1:49  Reaper  
  19  1:56  SCV, Supply Depot  
  20  2:07  Factory  
  20  2:09  Reaper  
  20  2:11  SCV  
  22  2:25  Reaper  
  22  2:28  SCV  
  24  2:40  SCV  
  24  2:43  Supply Depot  
  24  2:44  Reaper  
  26  2:53  Hellion  
  26  2:55  SCV  
  26  2:57  Reaper  
  30  3:07  SCV  
  31  3:33  Widow Mine  
  33  3:34  Engineering Bay  
  33  3:43  SCV  
  34  3:55  SCV  
  33  4:16  Missile Turret  
  30  4:19  Reaper x2  
  30  4:21  SCV  
  33  4:25  Hellion  
  33  4:30  Command Center  
  35  4:33  SCV  
  35  4:45  SCV  
  35  4:46  Hellion  
  35  4:50  Barracks  
  35  4:51  Barracks  
  38  4:53  Missile Turret  
  38  4:58  SCV  
  39  5:28  Barracks Tech Lab  
  39  5:30  SCV  
  39  5:39  Missile Turret  
  39  5:41  Widow Mine, Marine  
  39  5:42  SCV  
  43  5:45  Missile Turret  
  43  5:54  SCV  
  43  5:59  Marine  
  43  6:07  SCV  
  43  6:08  Barracks Reactor x2  
  43  6:09  Orbital Command  
  43  6:10  Hellion  
  46  6:12  Missile Turret  
  46  6:17  Marine  
  47  6:19  SCV  
  47  6:20  Marine  
  49  6:27  Barracks  
  49  6:28  Stimpack  
  49  6:29  Barracks, Supply Depot, Orbital Command  
  49  6:31  SCV, Starport  
  49  6:32  Hellion, Supply Depot  
  52  6:34  Marine  
  52  6:35  Terran Infantry Weapons Level 1  
  52  6:37  Marine  
  54  6:48  SCV  
  54  6:52  Marine  
  54  6:55  Marine  
  54  7:00  SCV  
  54  7:02  Marine x2  
  54  7:03  Marine x2  
  58  7:10  Marine  
  58  7:12  SCV  
  58  7:14  Marauder  
  62  7:20  Marine  
  63  7:25  SCV x2  
  63  7:28  Missile Turret  
  65  7:30  Factory Tech Lab  
  65  7:32  Factory Reactor  
  65  7:35  Marauder  
  67  7:37  SCV x2  
  67  7:42  Starport Reactor  
  69  7:45  Missile Turret  
  69  7:49  SCV  
  70  7:53  Barracks Reactor  
  70  7:59  Barracks Reactor  
  70  8:04  Supply Depot  
  70  8:06  Supply Depot  
  70  8:25  Widow Mine, Supply Depot x2, Marine x2, SCV x2, Barracks Reactor  
  70  8:26  Marauder, Widow Mine, Supply Depot x2, Marine x2  
  82  8:38  SCV x2  
  82  8:43  Marine x3  
  83  8:50  SCV x2  
  83  8:51  Marauder, Supply Depot, Marine  
  83  8:52  Supply Depot, Marine  
  83  8:53  Widow Mine, Supply Depot  
  83  8:55  Widow Mine  
  93  9:01  Command Center  
  93  9:06  Marine  
  94  9:13  Marauder  
  94  9:14  Medivac x2  
  100  9:21  SCV  
  100  9:22  Widow Mine  
  100  9:23  Widow Mine  
  105  9:24  Marine  
  106  9:31  Terran Infantry Armor Level 1  
  106  9:34  Marauder  
  108  9:38  Armory  
  108  9:40  Engineering Bay  
  108  9:41  Marine  
  108  9:42  SCV  
  108  9:44  Medivac x2  
  114  9:46  Marine  
  114  9:49  Marine x2  
  114  9:50  Widow Mine  
  114  9:52  Marine  
  119  9:54  Marine  
  119  9:56  Marauder  
  123  10:01  Marine x2  
  123  10:02  Marine  
  123  10:05  Combat Shields  
  126  10:13  Missile Turret, Orbital Command  
  126  10:16  SCV x2  
  126  10:17  Marauder  
  130  10:25  Terran Infantry Weapons Level 2  
  130  10:28  SCV  
  130  10:34  Missile Turret  
  131  10:35  Marine  
  131  10:36  Marine  
  131  10:37  Marine x3  
  131  10:38  Marauder  
  131  10:40  SCV  
  131  10:41  SCV  
  140  10:57  Marine  
  140  11:00  Marauder  
  143  11:10  Widow Mine x2  
  137  11:21  Marauder  
  103  11:28  Marine x5  
  103  11:29  Marine  
  99  11:35  Marine  
  99  11:38  Widow Mine, Marine x3  
  97  11:42  Marauder  
  97  11:43  Refinery  
  97  11:44  Refinery  
  97  11:46  Marine  
  100  11:49  Marine x2  
  100  11:50  Medivac  
  104  11:56  Refinery, Marine  
  104  11:58  Refinery  
  103  12:03  Widow Mine  
  103  12:04  Marauder, Marine x3  
  103  12:07  Widow Mine, Marine x2  
  114  12:16  Marine  
  114  12:17  Marine x4  
  119  12:25  Marauder  
  121  12:30  Marine  
  121  12:31  Marine x2  
  124  12:47  Marauder, Marine x2  
  128  12:58  Marine x2  
  128  12:59  Medivac x2  
  128  13:01  Orbital Command  
  128  13:03  Marine x2  
  136  13:08  Marauder, Missile Turret, Marine  
  139  13:19  Hellion, Widow Mine  
  143  13:23  Missile Turret, Marine  
  142  13:28  Marine  
  142  13:29  Marauder  
Show
View Real Time Build Order
Export as new Build Order

Benschiss Protoss 

Build Orders: 1 Gate Expand, Oracle Opening 

Get SALT Encoding   

  12  0:01  Probe (Chrono Boost)  
  13  0:12  Probe (Chrono Boost)  
  14  0:18  Pylon  
  14  0:24  Probe (Chrono Boost)  
  15  0:36  Probe (Chrono Boost)  
  16  0:42  Gateway  
  16  0:46  Probe (Chrono Boost)  
  16  0:48  Assimilator  
  17  0:57  Probe (Chrono Boost)  
  18  1:08  Probe (Chrono Boost)  
  19  1:25  Probe (Chrono Boost)  
  20  1:28  Nexus  
  20  1:38  Cybernetics Core  
  20  1:45  Probe (Chrono Boost)  
  20  1:46  Assimilator  
  21  1:56  Probe (Chrono Boost)  
  22  2:02  Pylon  
  22  2:10  Probe (Chrono Boost)  
  23  2:17  Warp Gate  
  23  2:20  Zealot  
  23  2:21  Stargate  
  25  2:25  Probe (Chrono Boost)  
  26  2:32  Pylon  
  26  2:36  Probe (Chrono Boost)  
  27  2:47  Mothership Core (Chrono Boost)  
  29  2:57  Pylon  
  29  2:59  Probe (Chrono Boost)  
  29  3:05  Probe (Chrono Boost)  
  30  3:15  Oracle  
  32  3:39  Probe (Chrono Boost)  
  33  3:41  Probe (Chrono Boost)  
  34  3:50  Probe (Chrono Boost)  
  34  3:52  Probe (Chrono Boost)  
  34  4:16  Void Ray  
  36  4:19  Probe (Chrono Boost)  
  36  4:23  Stargate  
  37  4:30  Probe (Chrono Boost), Assimilator  
  38  4:32  Assimilator  
  36  4:44  Probe (Chrono Boost)  
  37  5:12  Void Ray x2  
  45  5:32  Probe x2 (Chrono Boost)  
  47  5:43  Probe x2 (Chrono Boost)  
  46  5:53  Probe (Chrono Boost)  
  46  5:54  Probe (Chrono Boost)  
  45  6:19  Void Ray x2, Pylon  
  45  6:21  Probe x2 (Chrono Boost)  
  55  6:33  Forge  
  55  6:39  Probe x2 (Chrono Boost)  
  57  6:51  Probe x2 (Chrono Boost)  
  59  7:05  Void Ray  
  59  7:06  Void Ray  
  59  7:10  Probe x2 (Chrono Boost)  
  69  7:16  Pylon  
  69  7:19  Pylon  
  69  7:20  Protoss Air Weapons Level 1  
  69  7:22  Pylon  
  69  7:27  Fleet Beacon  
  70  7:31  Probe (Chrono Boost)  
  70  7:36  Probe (Chrono Boost)  
  71  7:38  Protoss Shields Level 1  
  71  7:50  Probe x2 (Chrono Boost)  
  73  7:52  Void Ray  
  74  8:09  Void Ray  
  74  8:10  Probe x2 (Chrono Boost)  
  80  8:22  Probe x2 (Chrono Boost)  
  82  8:29  Void Ray  
  84  8:34  Probe x2 (Chrono Boost)  
  87  8:45  Pylon  
  87  8:47  Probe (Chrono Boost)  
  87  8:48  Probe (Chrono Boost)  
  88  8:59  Nexus  
  88  9:05  Probe x2 (Chrono Boost)  
  88  9:09  Pylon  
  90  9:10  Void Ray  
  94  9:17  Assimilator  
  94  9:22  Assimilator, Protoss Air Armor Level 1  
  94  9:25  Void Ray  
  98  9:45  Photon Cannon  
  98  9:46  Photon Cannon  
  98  9:50  Pylon  
  98  9:52  Void Ray  
  98  9:54  Probe (Chrono Boost)  
  98  9:55  Probe (Chrono Boost)  
  104  10:09  Twilight Council  
  104  10:14  Void Ray  
  108  10:31  Probe (Chrono Boost)  
  108  10:32  Probe x2 (Chrono Boost)  
  111  10:38  Void Ray  
  111  10:41  Probe (Chrono Boost)  
  114  10:44  Probe x2 (Chrono Boost)  
  118  10:56  Void Ray  
  97  11:15  Protoss Air Weapons Level 2  
  39  11:38  Void Ray x2  
  47  11:50  Robotics Facility  
  47  11:55  Nexus  
  47  11:58  Assimilator  
  47  12:19  Void Ray x2  
  55  12:37  Observer  
  58  12:45  Probe x2 (Chrono Boost)  
  58  12:57  Probe x2 (Chrono Boost)  
  60  13:01  Void Ray x2  
  60  13:09  Probe x2 (Chrono Boost)  
  70  13:18  Observer  
Tags
 
Add a new tag
Caveats
  • Supply blocks, unpowered buildings, or Contaminate may cause inaccurate times.
  • Supply counts are checked every 10 seconds.